 Dungeon Crawl Stone Soup version 0.20-a0-208-g55166f7 (webtiles) character file.

7618 kroki the Arsonist (level 10, -3/63 HPs)
             Began as a Deep Elf Fire Elementalist on Nov 25, 2016.
             Was a Follower of Vehumet.
             Splashed by a caustic shrike (shapeshifter)'s acid (9 damage)
             ... on level 8 of the Dungeon.
             The game lasted 00:27:23 (13000 turns).

kroki the Arsonist (Deep Elf Fire Elementalist)    Turns: 13000, Time: 00:27:23

Health: -3/63      AC: -2    Str:  7    XL:     10   Next: 98%
Magic:  16/25      EV: 15    Int: 29    God:    Vehumet [*.....]
Gold:   447        SH:  0    Dex: 15    Spells: 1/15 levels left

rFire  + . .     SeeInvis .     K - +5 dagger "Radiasimaff" {protect, rElec MP+9 Int+5}
rCold  . . .     Gourm    .     R - +0 robe {rF+}
rNeg   + . .     Faith    .     (no shield)
rPois  .         Spirit   .     p - +0 helmet
rElec  +         Reflect  .     N - +0 cloak
rCorr  .         Harm     .     n - +0 pair of gloves
MR     +....                    J - +0 pair of boots (curse)
Stlth  +++.......               (no amulet)
                                q - ring of stealth {Stlth+}
                                o - ring of positive energy {rN+}

@: corroded
A: strong 1
a: Renounce Religion


You were on level 8 of the Dungeon.
You worshipped Vehumet.
Vehumet was aware of your devotion.
You were not hungry.

You visited 2 branches of the dungeon, and saw 10 of its levels.

You collected 642 gold pieces.
You spent 195 gold pieces at shops.

Inventory:

Hand Weapons
 f - a +0 spear
   (You found it on level 2 of the Dungeon)
 k - the +2 short sword "Xelif" {flame, +Blink rF+ Dex+4}
   (You found it on level 4 of the Dungeon)

   It has been specially enchanted to burn those struck by it, causing extra
   injury to most foes and up to half again as much damage against particularly
   susceptible opponents.
   It affects your dexterity (+4).
   It protects you from fire.
   It lets you blink.
 v - a +0 flail of protection
   (You took it off Edmund on level 4 of the Dungeon)
 K - the +5 dagger "Radiasimaff" (weapon) {protect, rElec MP+9 Int+5}
   (You found it on level 7 of the Dungeon)

   It protects the one who uses it against injury (+AC on strike).
   It affects your intelligence (+5).
   It insulates you from electricity.
   It affects your magic capacity (+9).
 O - a +3 quarterstaff of chaos
   (You took it off Crazy Yiuf on level 7 of the Dungeon)
Missiles
 t - 7 curare-tipped needles
 E - 2 throwing nets {=f, !d}
Armour
 g - a +0 leather armour
   (You found it on level 1 of the Dungeon)
 n - a +0 pair of gloves (worn)
   (You found it on level 2 of the Dungeon)
 p - a +0 helmet (worn)
   (You found it on level 2 of the Dungeon)
 J - a cursed +0 pair of boots (worn)
   (You found it on level 7 of the Dungeon)
 N - a +0 cloak (worn)
   (You took it off Crazy Yiuf on level 7 of the Dungeon)
 Q - the +3 hat of Pondering {ponderous, MR+ MP+10 Int+5}
   (You took it off Gastronok on level 8 of the Dungeon)

   It affects your intelligence (+5).
   It affects your resistance to hostile enchantments.
   It affects your magic capacity (+10).
 R - a +0 robe of fire resistance (worn)
   (You took it off an orc wizard on level 8 of the Dungeon)
Jewellery
 d - an uncursed ring of resist corrosion
   (You took it off a kobold on level 3 of the Dungeon)
 o - a ring of positive energy (left hand) {rN+}
   (You found it on level 4 of the Dungeon)
 q - a ring of stealth (right hand) {Stlth+}
   (You found it on level 2 of the Dungeon)
 H - an uncursed ring of ice {rC+, rF-}
   (You found it on level 7 of the Dungeon)
Wands
 h - a wand of lightning (0/15)
   (You found it on level 4 of the Dungeon)
 l - a wand of flame (8/48)
   (You found it on level 2 of the Dungeon)
 s - a wand of slowing (0/48)
   (You found it on level 4 of the Dungeon)
 C - a wand of iceblast (0/15)
   (You found it on level 6 of the Dungeon)
 M - a wand of lightning (0/15)
   (You took it off an orc on level 8 of the Dungeon)
Scrolls
 r - 2 scrolls of magic mapping {!r}
 z - 4 scrolls of teleportation
 F - 2 scrolls of fear
 G - 5 scrolls of remove curse
 P - 2 scrolls of identify
 T - a scroll of fog {unknown}
Potions
 a - a potion of resistance {unknown}
 e - 2 potions of might {unknown}
 i - 2 potions of berserk rage {!q}
 j - 4 potions of degeneration {!q}
 m - 2 potions of lignification {!q}
 u - 2 potions of flight {unknown}
 w - 2 potions of heal wounds
 A - a potion of magic {unknown}
 B - a potion of brilliance
 D - 3 potions of curing {unknown}
 L - a potion of cure mutation {unknown}
Books
 b - a book of Flames
 y - a book of Misfortune
   (You found it on level 6 of the Dungeon)
Comestibles
 c - 11 bread rations {@e1}
 x - 2 meat rations {@e2}
 I - 4 fruits
 S - a slice of pizza


   Skills:
 + Level 7.3 Fighting
 + Level 5.3 Dodging
 - Level 2.4 Stealth
 - Level 3.0 Spellcasting
 + Level 10.9 Conjurations
 + Level 11.0 Fire Magic


You had one spell level left.
You knew the following spells:

 Your Spells              Type           Power        Failure   Level  Hunger
a - Throw Flame           Conj/Fire      ######       1%          2    #......
c - Conjure Flame         Conj/Fire      ######..     1%          3    ###....
f - Fireball              Conj/Fire      ######....   2%          5    ######.
s - Sticky Flame          Conj/Fire      ######..     1%          4    ####...


Dungeon Overview and Level Annotations

Branches:
Dungeon (9/15)             Temple (1/1) D:7
   Lair: D:8-11         Orc: D:9-12

Altars:
Ashenzari
Cheibriados
Dithmenos
Elyvilon
Fedhas
Gozag
Hepliaklqana
Kikubaaqudgha
Makhleb
Nemelex Xobeh
Okawaru
Qazlal
Ru
Sif Muna
Trog
Uskayaw
Vehumet
Xom
Yredelemnul
Zin
The Shining One

Shops:
D:5 !   D:7 }(((

Annotations:
D:4 exclusion: howler monkey


Innate Abilities, Weirdness & Mutations

Your muscles are strong. (Str +2)


Message History

An orc is nearby!
Aim: an orc, wielding a short sword and wearing a ring mail The puff of flame hits the orc.
You now have 16/25 mp.
An orc is nearby!
Aim: an orc, wielding a short sword and wearing a ring mail (moderately wounded)
The puff of flame hits the orc.
You kill the orc!
Vehumet accepts your kill.
You feel your power returning.
You now have 15/25 mp.
You now have enough gold to buy a wand of acid (8/15) on D:7.
You now have 358 gold pieces (gained 27).
Things that are here:
a short sword; a ring mail No target in view!
You now have 372 gold pieces (gained 14).
You now have 389 gold pieces (gained 17).
You now have 408 gold pieces (gained 19).
S - a slice of pizza
r - 2 scrolls of magic mapping {!r} (gained 1)
c - 10 bread rations {@e1} (gained 1)
T - a scroll labeled XEYBOI ACZEWI No target in view!
MP restored: 25
c - 11 bread rations {@e1} (gained 1)
Things that are here:
a robe; an enchanted battleaxe; a giant club
Aim: a wight, wielding a battleaxe and wearing a robe (hasn't noticed you)
The puff of flame misses the wight.
You now have 23/25 mp.
A wight is nearby!
Aim: a wight, wielding a battleaxe and wearing a robe The puff of flame hits the wight.
You now have 21/25 mp.
A wight is nearby!
Aim: a wight, wielding a battleaxe and wearing a robe (lightly damaged)
The puff of flame hits the wight.
You destroy the wight!
Vehumet accepts your kill.
You now have 19/25 mp.
Things that are here:
21 arrows; a shortbow No target in view!
MP restored: 25
Things that are here:
a robe; an enchanted battleaxe; a giant club
Things that are here:
a battleaxe; a robe No target in view!
Things that are here:
a robe; an enchanted battleaxe; a giant club
Things that are here:
21 arrows; a shortbow You now have 416 gold pieces (gained 8).
You see here 20 stones.
You now have 439 gold pieces (gained 23).
You now have 447 gold pieces (gained 8).
You see here 20 stones.
A caustic shrike comes into view.
Aim: a caustic shrike (hasn't noticed you)
The puff of flame hits the caustic shrike.
The caustic shrike resists.
The caustic shrike screeches!
A caustic shrike is nearby!
Aim: a caustic shrike (lightly wounded)
The puff of flame hits the caustic shrike.
The caustic shrike resists.
You now have 21/25 mp.
A caustic shrike is nearby!
Aim: a caustic shrike (lightly wounded)
The puff of flame hits the caustic shrike.
The caustic shrike completely resists.
You now have 19/25 mp.
A caustic shrike is nearby!
Aim: a caustic shrike (lightly wounded)
The puff of flame hits the caustic shrike.
The caustic shrike resists.
The caustic shrike claws you but does no damage.
The caustic shrike claws you. The acid corrodes you!
You are splashed with acid!
The acid burns!
You take 11 damage, and have 52/63 hp.
You now have 17/25 mp.
A caustic shrike is nearby!
Aim: a caustic shrike (lightly wounded)
The puff of flame hits the caustic shrike.
The caustic shrike resists.
The caustic shrike claws you!!
You are splashed with acid!
The acid burns!
The caustic shrike claws you.
* * * LOW HITPOINT WARNING * * *
The acid corrodes you!
You are splashed with acid!
The acid burns!
* * * LOW HITPOINT WARNING * * *
You take 43 damage, and have 9/63 hp.
MASSIVE DAMAGE!!
You now have 16/25 mp.
Okay, then.
The floor.
Okay, then.
You feel much better. The caustic shrike claws you!!
* * * LOW HITPOINT WARNING * * *
You are splashed with acid!
The acid burns!
You die...

###..........####.
#.......(......##.
#[......[......##z
###.........(####. ##
#........[.####. . #.
###..##..####... ...
#!####..##).####...
..#..#.#.####..####.....
......b@.####.(####.##..
##
..####..............####
.##
#..####.#........#.### #
#.##
#............###.#.####
# ##.##
#..#.......#.....#....#
#...##
#..#.#..##....#######.#
[.#..#
#.........<......#....#
.###.##
#..#.#..##.#.###.#.####
..#...###............#
#.#.#


You could see a caustic shrike.

Vanquished Creatures
  Gastronok (D:8)
  A hippogriff (D:7)
  Prince Ribbit (D:7)
  A spriggan (D:7)
  Sigmund (D:4)
  The ghost of murphy the Ruffian, an amateur TrWn (D:3)
  A hungry ghost (D:8)
  Edmund (D:4)
  A water moccasin (D:6)
  3 orc warriors (D:7)
  4 ice beasts
  2 black bears
  3 sky beasts
  9 ogres
  3 phantoms
  4 centaurs
  5 bullfrogs
  2 scorpions (D:4)
  11 killer bees
  2 wights (D:8)
  2 howler monkeys
  A centaur zombie (D:8)
  4 crimson imps
  A centaur skeleton (D:8)
  4 orc priests
  4 hounds
  3 jellies
  A bullfrog skeleton (D:8)
  Crazy Yiuf (D:7)
  7 orc wizards
  10 worker ants
  A killer bee zombie (D:8)
  A hound zombie (D:8)
  2 worker ant zombies (D:8)
  8 gnolls
  10 adders
  2 howler monkey skeletons (D:5)
  A shadow imp (D:6)
  2 oozes
  2 adder skeletons
  7 worms
  2 dart slugs
  8 leopard geckos
  38 orcs
  A ball python (D:3)
  5 giant cockroaches
  10 goblins
  3 hobgoblins
  5 jackals
  10 kobolds
  4 quokkas
  9 bats
  8 frilled lizards
  2 giant cockroach zombies (D:5)
  A jackal skeleton (D:4)
  2 leopard gecko skeletons
  7 rats
246 creatures vanquished.

Notes
Turn   | Place    | Note
-------+----------+-------------------------------------------
     0 | D:1      | kroki the Deep Elf Fire Elementalist began the quest for the Orb.
     0 | D:1      | Reached XP level 1. HP: 10/10 MP: 6/6
   250 | D:1      | Reached skill level 2 in Conjurations
   256 | D:1      | Reached XP level 2. HP: 15/15 MP: 0/8
   586 | D:1      | Reached skill level 3 in Conjurations
   654 | D:1      | Reached XP level 3. HP: 17/19 MP: 3/9
  1173 | D:2      | Learned a level 3 spell: Conjure Flame
  1176 | D:2      | Learned a level 2 spell: Throw Flame
  1259 | D:2      | You fall through a shaft!
  1369 | D:3      | Noticed murphy's ghost (amateur TrWn)
  1430 | D:3      | Reached XP level 4. HP: 24/24 MP: 6/10
  1504 | D:2      | Reached skill level 4 in Fire Magic
  1691 | D:2      | Reached skill level 4 in Conjurations
  2103 | D:3      | Found a burning altar of Makhleb.
  2145 | D:3      | Reached XP level 5. HP: 26/28 MP: 8/11
  2157 | D:3      | Learned a level 4 spell: Sticky Flame
  2815 | D:3      | Killed murphy's ghost
  2815 | D:3      | Reached skill level 5 in Conjurations
  2815 | D:3      | Reached skill level 5 in Fire Magic
  2815 | D:3      | Reached XP level 6. HP: 32/32 MP: 0/12
  3156 | D:4      | Got a bone short sword
  3157 | D:4      | Identified the +2 short sword "Xelif" {flame, +Blink rF+ Dex+4} (You found it on level 4 of the Dungeon)
  3231 | D:4      | Reached skill level 6 in Fire Magic
  3300 | D:4      | Reached skill level 6 in Conjurations
  3300 | D:4      | Reached XP level 7. HP: 36/36 MP: 7/13
  3439 | D:4      | Noticed Sigmund
  3457 | D:4      | Found a basalt altar of Yredelemnul.
  3657 | D:4      | Noticed Edmund
  3762 | D:4      | Killed Edmund
  3874 | D:4      | Reached skill level 7 in Conjurations
  3874 | D:4      | Reached skill level 7 in Fire Magic
  4315 | D:4      | Killed Sigmund
  4315 | D:4      | Reached XP level 8. HP: 16/41 MP: 1/14
  4615 | D:5      | Entered Level 5 of the Dungeon
  4651 | D:4      | Reached skill level 8 in Conjurations
  4651 | D:4      | Reached skill level 8 in Fire Magic
  4679 | D:5      | Found a sparkling altar of Nemelex Xobeh.
  4679 | D:5      | Found Soery's Distillery.
  4937 | D:5      | Gained mutation: Your muscles are strong. (Str +2) [potion of beneficial mutation]
  5315 | D:5      | Bought a potion of heal wounds for 65 gold pieces
  5315 | D:5      | Bought a potion of heal wounds for 65 gold pieces
  5315 | D:5      | Bought a potion of heal wounds for 65 gold pieces
  5494 | D:5      | Reached skill level 1 in Fighting
  6110 | D:5      | Found a blossoming altar of Fedhas.
  6284 | D:6      | Reached skill level 2 in Fighting
  6680 | D:6      | Reached skill level 3 in Fighting
  6914 | D:6      | Reached XP level 9. HP: 35/51 MP: 8/15
  7314 | D:6      | Found a hazy altar of Hepliaklqana.
  7314 | D:6      | Found an opulent altar of Gozag.
  7785 | D:6      | Reached skill level 9 in Fire Magic
  7860 | D:6      | Reached skill level 4 in Fighting
  7860 | D:6      | Reached skill level 9 in Conjurations
  8060 | D:7      | Found a bloodstained altar of Trog.
  8065 | D:7      | Noticed Prince Ribbit
  8174 | D:7      | Found a runed door.
  8264 | D:7      | Found Xiotiowa's Weapon Shop.
  8269 | D:7      | Found a glowing golden altar of the Shining One.
  8336 | D:7      | Found Vydun's Gadget Emporium.
  8685 | D:7      | Found Nisut's Weapon Shop.
  8817 | D:7      | Reached skill level 5 in Fighting
  9003 | D:7      | Killed Prince Ribbit
  9152 | D:7      | Got a fine dagger
  9153 | D:7      | Identified the +5 dagger "Radiasimaff" {protect, rElec MP+9 Int+5} (You found it on level 7 of the Dungeon)
  9376 | D:7      | Found Fuogiom's Weapon Emporium.
  9387 | D:7      | Found a staircase to the Ecumenical Temple.
  9477 | Temple   | Entered the Ecumenical Temple
  9551 | Temple   | Became a worshipper of Vehumet
 10342 | D:7      | Reached XP level 10. HP: 60/60 MP: 16/16
 10383 | D:7      | Reached skill level 6 in Fighting
 10383 | D:7      | Reached skill level 10 in Fire Magic
 10529 | D:7      | Learned a level 5 spell: Fireball
 10529 | D:7      | Noticed Crazy Yiuf
 10532 | D:7      | Killed Crazy Yiuf
 10644 | D:8      | Reached skill level 10 in Conjurations
 10676 | D:8      | Noticed Gastronok
 11212 | D:8      | Reached * piety under Vehumet
 11212 | D:8      | Offered knowledge of Shock by Vehumet.
 11898 | D:8      | Reached skill level 3 in Dodging
 12460 | D:8      | Reached skill level 4 in Dodging
 12615 | D:8      | Killed Gastronok
 12615 | D:8      | Reached skill level 7 in Fighting
 12615 | D:8      | Reached skill level 5 in Dodging
 12615 | D:8      | Reached skill level 11 in Fire Magic
 12688 | D:8      | Noticed a spark wasp
 12994 | D:8      | Noticed a caustic shrike
 12999 | D:8      | HP: 9/63 [acid (8)]
 13000 | D:8      | Splashed by a caustic shrike (shapeshifter)'s acid

Vault maps used:
D:1:      evilmike_arrival_crescent, feat_on_display
D:2:      minmay_misc_feat_iff, st_stairs_1
D:3:      old_standard_altar, dk_noncrumbling_3
D:4:      kennysheep_big_flooded_room, lemuel_round_altar, uniq_sigmund,
          uniq_edmund
D:5:      overflow_temple_1_default, lemuel_round_altar, serial_shops, shop,
          first_bread, hangedman_decor_growths
D:6:      gammafunk_temple_overflow_elements
D:7:      overflow_temple_1_default, serial_shops, shop, shop, shop, shop,
          basic_altar, the_bakery, minmay_statues_item, lightli_orcish_oven,
          uniq_prince_ribbit1, uniq_crazy_yiuf_cottage
D:8:      minmay_bloctagon, kennysheep_kite_vault, uniq_gastronok
D:9:      orc_0_dummy
Temple:   jpeg_temple_clearing

Skill      XL: |  1  2  3  4  5  6  7  8  9 10 |
---------------+-------------------------------+-----
Conjurations   | 2 3 4 5 6 7 8 9 10 | 10.9
Fire Magic     | 4 5 6 7 8 9 11 | 11.0
Fighting       | 3 5 7 |  7.3
Dodging        | 5 |  5.3
Stealth        | |  2.4
Spellcasting   | |  3.0

Action                   |  1- 3 |  4- 6 |  7- 9 | 10-12 || total
-------------------------+-------+-------+-------+-------++-------
Melee: Club              |     3 |     2 |       |       ||     5
       Spear             |       |     4 |       |       ||     4
       Short sword       |       |     2 |   107 |    10 ||   119
       Dagger            |       |       |    10 |    75 ||    85
       Quarterstaff      |       |       |       |    10 ||    10
 Cast: Flame Tongue      |    63 |    78 |   139 |     3 ||   283
       Conjure Flame     |       |     4 |     1 |     2 ||     7
       Throw Flame       |       |     3 |    63 |   107 ||   173
       Sticky Flame      |       |     1 |    30 |     6 ||    37
       Fireball          |       |       |       |    14 ||    14
Evoke: Wand              |       |    28 |    25 |     2 ||    55
  Use: Scroll            |     1 |    10 |     4 |     2 ||    17
       Potion            |       |       |     2 |     1 ||     3
 Stab: Sleeping          |       |       |     1 |       ||     1
  Eat: Chunk             |     1 |     7 |    14 |     4 ||    26
       Meat ration       |       |       |     3 |     2 ||     5
       Bread ration      |       |       |       |     1 ||     1
Armor: Robe              |     7 |       |       |     1 ||     8
       Leather armour    |     1 |    29 |    42 |    58 ||   130
       Skin              |       |       |     8 |       ||     8
Dodge: Dodged            |    27 |    56 |   105 |    62 ||   250

Vault maps used:
D:1:      evilmike_arrival_crescent, feat_on_display
D:2:      minmay_misc_feat_iff, st_stairs_1
D:3:      old_standard_altar, dk_noncrumbling_3
D:4:      kennysheep_big_flooded_room, lemuel_round_altar, uniq_sigmund,
          uniq_edmund
D:5:      overflow_temple_1_default, lemuel_round_altar, serial_shops, shop,
          first_bread, hangedman_decor_growths
D:6:      gammafunk_temple_overflow_elements
D:7:      overflow_temple_1_default, serial_shops, shop, shop, shop, shop,
          basic_altar, the_bakery, minmay_statues_item, lightli_orcish_oven,
          uniq_prince_ribbit1, uniq_crazy_yiuf_cottage
D:8:      minmay_bloctagon, kennysheep_kite_vault, uniq_gastronok
D:9:      orc_0_dummy
Temple:   jpeg_temple_clearing

Table legend:
 A = Turns spent in this place as a percentage of turns spent in the entire game.
 B = Non-inter-level travel turns spent in this place as a percentage of non-inter-level travel turns spent in the entire game.
 C = Inter-level travel turns spent in this place as a percentage of turns spent in this place.
 D = Turns resting spent in this place as a percentage of non-inter-level travel turns spent in this place.
 E = Turns spent auto-exploring this place as a percentage of non-inter-level travel turns spent in this place.
 F = Non-inter-level travel turns spent in this place divided by the number of levels of this place that you've seen.
                   A       B       C       D       E      F
               +-------+-------+-------+-------+-------+----------------------
         Total | 100.0 | 100.0 |   0.4 |   0.9 |   8.4 | 449.1
       Dungeon |  98.9 |  98.9 |   0.4 |   0.9 |   8.2 | 493.7
        Temple |   1.1 |   1.1 |   2.0 |   0.0 |  29.2 |  48.0
               +-------+-------+-------+-------+-------+----------------------

Table legend:
 A = Kills in this place as a percentage of kills in entire the game.
 B = Kills by you in this place as a percentage of kills by you in the entire game.
 C = Kills by friends in this place as a percentage of kills by friends in the entire game.
 D = Other kills in this place as a percentage of other kills in the entire game.
 E = Experience gained in this place as a percentage of experience gained in the entire game.
 F = Experience gained in this place divided by the number of levels of this place that you have seen.
                   A       B       C       D       E      F
               +-------+-------+-------+-------+-------+----------------------
         Total | 100.0 | 100.0 |  -nan |  -nan | 100.0 | 1088.3
       Dungeon | 100.0 | 100.0 |  -nan |  -nan | 100.0 | 1209.2
               +-------+-------+-------+-------+-------+----------------------
